AoeStats
← KırımTatarı

Arabia

508934128Analyzed
3v3 RM · 8d ago on Sep 24, 2026· 19m 43s· 6 players
Game mode
Random Map
Map size
Normal (6 player)
Population
200
Speed
Normal
Resources
Standard
Victory
Conquest
Starting age
Dark Age
Ending age
Imperial Age
RankedLock teamsTeams togetherTeam positionsShared explorationLock speedFull tech treeHidden civsTurbo modeCheats
Victory
Defeat
🇹🇷 Vikings · Türkiye
1175
+15
🇹🇷 Magyars · Türkiye
1116
+17
🇹🇷 Britons · Türkiye
1112
+17
🇬🇧 Khmer · United Kingdom
1154
-17
🇬🇧 Persians · United Kingdom
1135
-16
🇬🇧 Sicilians · United Kingdom
1135
-16
Kaçika Exeal Kaçika
5:15 Loom
7:09 Loom
9:36 Feudal Age
10:25 Double-Bit Axe
15:34 Fletching
22:05 Castle Age
KırımTatarı
6:52 Loom
9:13 Feudal Age
9:56 Double-Bit Axe
HoChiMinh
5:10 Loom
8:37 Feudal Age
DizzyLeChuckieEgg
6:22 Loom
8:51 Feudal Age
9:19 Double-Bit Axe
9:42 Horse Collar
17:16 Scale Barding Armor
18:25 Forging
18:54 Bloodlines
King_Of_Lincoln
0:26 Loom
HrH The Sausage Meister General
6:20 Loom
10:02 Feudal Age
17:44 Fletching
18:56 Scale Mail Armor
Connection lost

Rejoining the realm…

Still unreachable

The connection could not be restored.

Session expired

The server has moved on; the page needs a fresh start.